 Dungeon Crawl Stone Soup version 0.26.0-10-g1f06aea511 (webtiles) character file.

Game seed: 14141880714492350658

3070 Dracia the Magician (level 9, -3/68 (71) HPs)
             Began as a Gnoll Warper on Jan 15, 2021.
             Was a Believer of Okawaru.
             Slain by Grum
             ... wielding a -1 glaive
              (25 damage)
             ... on level 8 of the Dungeon.
             The game lasted 00:17:16 (9375 turns).

Dracia the Magician (Gnoll Warper)                  Turns: 9375, Time: 00:17:16

HP:   -3/68 (71)    AC:  6    Str: 15    XL:     9   Next: 88%
MP:   3/19          EV: 16    Int: 16    God:    Okawaru [**....]
Gold: 394           SH:  0    Dex: 18    Spells: 9/21 levels left

rFire    . . .     SeeInvis +   a - +2 dagger (elec)
rCold    . . .     Faith    .   (no shield)
rNeg     . . .     Spirit   .   p - +1 leather armour
rPois    .         Reflect  .   y - +2 hat
rElec    .         Harm     .   (no cloak)
rCorr    .         Rampage  .   (no gloves)
Will     .....                  (no boots)
Stlth    +++.......             (no amulet)
HPRegen  0.21/turn              v - ring of see invisible
MPRegen  0.16/turn              (no ring)

@: lightly drained
A: distributed training, antennae 1, fangs 1, talons 1, agile 1, strong nose
a: Renounce Religion, Heroism


You were on level 8 of the Dungeon.
You worshipped Okawaru.
Okawaru was pleased with you.
You visited 1 branch of the dungeon, and saw 8 of its levels.
You also visited: Sewer.

You collected 394 gold pieces.


Innate Abilities, Weirdness & Mutations

Your experience applies equally to all skills.
You have very sharp teeth.
Your uncanny sense of smell can sniff out nearby items.
You have a pair of small antennae on your head.
You have sharp toenails.
You are agile. (Dex +2)


   Skills:
 + Level 6.6 Fighting
 + Level 4.6 Short Blades
 + Level 6.6 Long Blades
 + Level 4.6 Axes
 + Level 4.6 Maces & Flails
 + Level 4.6 Polearms
 + Level 4.6 Staves
 + Level 4.6 Slings
 + Level 4.6 Bows
 + Level 4.6 Crossbows
 + Level 5.4 Throwing
 + Level 5.4 Armour
 + Level 6.6 Dodging
 + Level 4.6 Stealth
 + Level 4.6 Shields
 + Level 4.6 Unarmed Combat
 + Level 6.9 Spellcasting
 + Level 3.8 Conjurations
 + Level 3.8 Hexes
 + Level 3.8 Summonings
 + Level 3.8 Necromancy
 + Level 6.7 Translocations
 + Level 3.8 Transmutations
 + Level 3.8 Fire Magic
 + Level 3.8 Ice Magic
 + Level 3.8 Air Magic
 + Level 3.8 Earth Magic
 + Level 3.8 Poison Magic
 + Level 5.1 Invocations
 + Level 4.6 Evocations


You had 9 spell levels left.
You knew the following spells:

 Your Spells              Type           Power        Failure   Level
g - Gell's Gravitas       Tloc           13%          2%          3
l - Lesser Beckoning      Tloc           13%          2%          3
u - Passage of Golubria   Tloc           N/A          9%          4
I - Blink                 Tloc           N/A          1%          2

Your spell library contained the following spells:

 Spells                   Type           Power        Failure   Level
 Teleport Other           Tloc           27%          2%          3

Inventory:

Hand Weapons
 a - a +2 dagger of electrocution (weapon)
 b - a +0 hunting sling
 g - a +0 falchion
 q - a +1 dagger of venom
Missiles
 e - 5 boomerangs of dispersal {=f=f}
 k - 52 poisoned darts
 l - 280 stones (quivered)
 w - a throwing net {=f=f}
 D - 9 boomerangs
Armour
 p - a +1 leather armour (worn)
 y - a +2 hat (worn)
Jewellery
 v - a ring of see invisible (left hand)
Wands
 t - a wand of iceblast (2)
 u - a wand of random effects (35)
 z - a wand of enslavement (11)
Scrolls
 c - 5 scrolls of teleportation {@r4@r4}
 d - 2 scrolls of blinking
 f - 6 scrolls of remove curse {@r2@r2}
 i - 6 scrolls of amnesia
 A - 3 scrolls of enchant weapon
 E - a scroll of identify {@r1@r1}
Potions
 h - 4 potions of attraction
 j - a potion of invisibility
 m - 4 potions of heal wounds {@q2@q2}
 n - 3 potions of haste {@q3@q3}
 o - 2 potions of magic
 r - 3 potions of flight
 s - a potion of cancellation
 x - a potion of resistance
 B - 2 potions of curing {@q1@q1}

Dungeon Overview and Level Annotations

Branches:
Dungeon (8/15)             Temple (0/1) D:5           Sewer (visited)
   Lair: D:8-11

Altars:
Elyvilon
Kikubaaqudgha
Okawaru
Sif Muna
Trog
Wu Jian
Yredelemnul
Zin
The Shining One

Shops:
D:5 :

Annotations:
D:5 exclusion: oklob sapling
D:8 Grum

... # #.## .#
#..∆ ∆ ..## #.#
#...# ##.# #.....
####..# #......
#.....####Z......
#.......@gh†.....
#.#...####h......
#.##.## #......
#.#### #..... #.#
#..?# #.# #+##
#.#### ∆ #....#
####.#


You could see Grum, 2 wolves and a hound skeleton.


Message History

The wolf bites you.
You barely miss the wolf.
The wolf is severely wounded.
The wolf closely misses you. Grum closely misses you.
Your magical contamination has completely faded away.
You barely miss the wolf.
The wolf is severely wounded.
The wolf bites you! The wolf bites you but does no damage.
Unknown command.
You hit the wolf but do no damage.
The wolf is severely wounded.
Grum hits you from afar with a -1 glaive!!
* * * LOW HITPOINT WARNING * * *
The wolf misses you.
You hit the wolf but do no damage. Your kick misses the wolf.
Your punch misses the wolf.
The wolf is severely wounded.
The wolf completely misses you. Grum barely misses you.
Unknown command.
You hit the wolf. Lightning courses through the wolf!
You kill the wolf!
Okawaru accepts your kill.
Unknown command.
Grum hits you with a -1 glaive.
* * * LOW HITPOINT WARNING * * *
You see here a wolf corpse.
You hit Grum. You claw Grum, but do no damage.
Grum is almost dead.
Grum hits you with a -1 glaive!!
You die...

Skill      XL: |  1  2  3  4  5  6  7  8  9 |
---------------+----------------------------+-----
Spellcasting   | 5 6 |  6.9
Invocations    | 1 2 3 4 5 |  5.1
Short Blades   | 1 2 3 4 |  4.6
Axes           | 1 2 3 4 |  4.6
Maces & Flails | 1 2 3 4 |  4.6
Polearms       | 1 2 3 4 |  4.6
Staves         | 1 2 3 4 |  4.6
Slings         | 1 2 3 4 |  4.6
Bows           | 1 2 3 4 |  4.6
Crossbows      | 1 2 3 4 |  4.6
Stealth        | 1 2 3 4 |  4.6
Shields        | 1 2 3 4 |  4.6
Unarmed Combat | 1 2 3 4 |  4.6
Evocations     | 1 2 3 4 |  4.6
Conjurations   | 1 2 3 |  3.8
Hexes          | 1 2 3 |  3.8
Summonings     | 1 2 3 |  3.8
Necromancy     | 1 2 3 |  3.8
Transmutations | 1 2 3 |  3.8
Fire Magic     | 1 2 3 |  3.8
Ice Magic      | 1 2 3 |  3.8
Air Magic      | 1 2 3 |  3.8
Earth Magic    | 1 2 3 |  3.8
Poison Magic   | 1 2 3 |  3.8
Throwing       | 3 4 5 |  5.4
Armour         | 3 4 5 |  5.4
Fighting       | 5 6 |  6.6
Long Blades    | 5 6 |  6.6
Dodging        | 5 6 |  6.6
Translocations | 6 |  6.7

Action                   |  1- 3 |  4- 6 |  7- 9 || total
-------------------------+-------+-------+-------++-------
Melee: Falchion          |    87 |     4 |       ||    91
       Bite              |    11 |    21 |    34 ||    66
       Kick              |     8 |    63 |   101 ||   172
       Dagger            |       |   201 |   304 ||   505
       Punch             |       |     1 |     6 ||     7
 Fire: Hunting sling     |       |    27 |    78 ||   105
Throw: Stone             |     4 |    19 |       ||    23
 Cast: Gell's Gravitas   |       |     2 |    18 ||    20
       Passage of Golubr |       |       |     1 ||     1
  Use: Scroll            |     8 |     6 |     7 ||    21
       Potion            |     1 |       |       ||     1
 Stab: Sleeping          |       |     4 |     8 ||    12
Armor: Leather armour    |    11 |    35 |    75 ||   121
Dodge: Dodged            |    68 |   134 |   246 ||   448
       Rpst.: Falchion   |    17 |     1 |       ||    18

Levels and vault maps discovered:
D:1:      amcnicky_arrival_double_pillar, layout_basic
D:2:      layout_basic, lemuel_round_altar, tso_metal_star,
          nicolae_overflow_hidden_temple, led_sif_pool, lightli_corner_chamber,
          uniq_terence
D:3:      layout_basic, lemuel_crystal_altar
D:4:      minmay_chambers_of_twos, layout_basic, cheibrodos_sewer_entry_sluice,
          patterned_corridor
D:5:      layout_layer_cave, marbit_many_paths, minmay_temple_entry_oklob,
          serial_shops, shop, yredelemnul_altar_generic, uniq_edmund,
          uniq_prince_ribbit1, uniq_ijyb
D:6:      layout_cave_pools, kiku_gazebo_pond_becter
D:7:      layout_loops_corners, lemuel_doored_altar, lemuel_round_altar
D:8:      layout_loops_corners, trog_three_pillars_becter, uniq_grum

Notes
Turn   | Place    | Note
-------+----------+-------------------------------------------
     0 | D:1      | Dracia the Gnoll Warper began the quest for the Orb.
     0 | D:1      | Reached XP level 1. HP: 20/20 MP: 6/6
    77 | D:1      | Reached XP level 2. HP: 22/26 MP: 7/7
   389 | D:1      | Reached XP level 3. HP: 31/31 MP: 9/9
   401 | D:1      | Learned a level 2 spell: Blink
   405 | D:1      | Learned a level 3 spell: Gell's Gravitas
   409 | D:1      | Learned a level 3 spell: Lesser Beckoning
   435 | D:1      | Reached skill level 5 in Spellcasting
   747 | D:2      | Gained mutation: You have sharp toenails. [potion of
                  | mutation]
   747 | D:2      | Gained mutation: You have a pair of small antennae on your
                  | head. [potion of mutation]
   747 | D:2      | Gained mutation: You are agile. (Dex +2) [potion of
                  | mutation]
   759 | D:2      | Reached skill level 1 in Invocations
   849 | D:2      | Noticed Terence
   874 | D:2      | Killed Terence
   875 | D:2      | Reached skill level 1 in Short Blades
   875 | D:2      | Reached skill level 1 in Axes
   875 | D:2      | Reached skill level 1 in Maces & Flails
   875 | D:2      | Reached skill level 1 in Polearms
   875 | D:2      | Reached skill level 1 in Staves
   875 | D:2      | Reached skill level 1 in Slings
   875 | D:2      | Reached skill level 1 in Bows
   875 | D:2      | Reached skill level 1 in Crossbows
   875 | D:2      | Reached skill level 1 in Stealth
   875 | D:2      | Reached skill level 1 in Shields
   875 | D:2      | Reached skill level 1 in Unarmed Combat
   875 | D:2      | Reached skill level 1 in Evocations
   875 | D:2      | Reached XP level 4. HP: 29/38 MP: 11/11
  1341 | D:2      | Reached skill level 1 in Conjurations
  1341 | D:2      | Reached skill level 1 in Hexes
  1341 | D:2      | Reached skill level 1 in Summonings
  1341 | D:2      | Reached skill level 1 in Necromancy
  1341 | D:2      | Reached skill level 1 in Transmutations
  1341 | D:2      | Reached skill level 1 in Fire Magic
  1341 | D:2      | Reached skill level 1 in Ice Magic
  1341 | D:2      | Reached skill level 1 in Air Magic
  1341 | D:2      | Reached skill level 1 in Earth Magic
  1341 | D:2      | Reached skill level 1 in Poison Magic
  1391 | D:2      | Found a glowing golden altar of the Shining One.
  1474 | D:2      | Found a shimmering blue altar of Sif Muna.
  1504 | D:2      | Found a bloodstained altar of Trog.
  1937 | D:2      | Reached XP level 5. HP: 40/43 MP: 12/12
  2724 | D:3      | Reached skill level 3 in Throwing
  2724 | D:3      | Reached skill level 3 in Armour
  2831 | D:3      | Found a glowing silver altar of Zin.
  3225 | D:4      | Noticed a phantom
  3239 | D:4      | Killed a phantom
  3240 | D:4      | Reached skill level 5 in Fighting
  3240 | D:4      | Reached skill level 5 in Long Blades
  3240 | D:4      | Reached skill level 5 in Dodging
  3240 | D:4      | Reached skill level 2 in Invocations
  3240 | D:4      | Reached XP level 6. HP: 50/51 MP: 14/14
  3243 | D:4      | Found a glowing drain.
  3257 | Sewer    | Entered a sewer
  3270 | Sewer    | Reached skill level 2 in Short Blades
  3270 | Sewer    | Reached skill level 2 in Axes
  3270 | Sewer    | Reached skill level 2 in Maces & Flails
  3270 | Sewer    | Reached skill level 2 in Polearms
  3270 | Sewer    | Reached skill level 2 in Staves
  3270 | Sewer    | Reached skill level 2 in Slings
  3270 | Sewer    | Reached skill level 2 in Bows
  3270 | Sewer    | Reached skill level 2 in Crossbows
  3270 | Sewer    | Reached skill level 2 in Stealth
  3270 | Sewer    | Reached skill level 2 in Shields
  3270 | Sewer    | Reached skill level 2 in Unarmed Combat
  3270 | Sewer    | Reached skill level 2 in Evocations
  3584 | Sewer    | Found a white marble altar of Elyvilon.
  3894 | D:4      | Reached XP level 7. HP: 38/56 MP: 15/15
  4120 | D:4      | Reached skill level 2 in Conjurations
  4120 | D:4      | Reached skill level 2 in Hexes
  4120 | D:4      | Reached skill level 2 in Summonings
  4120 | D:4      | Reached skill level 2 in Necromancy
  4120 | D:4      | Reached skill level 2 in Transmutations
  4120 | D:4      | Reached skill level 2 in Fire Magic
  4120 | D:4      | Reached skill level 2 in Ice Magic
  4120 | D:4      | Reached skill level 2 in Air Magic
  4120 | D:4      | Reached skill level 2 in Earth Magic
  4120 | D:4      | Reached skill level 2 in Poison Magic
  4366 | D:4      | You fall into a shaft and drop 3 floors!
  4420 | D:5      | Entered Level 5 of the Dungeon
  4448 | D:5      | Reached skill level 3 in Invocations
  4614 | D:5      | Reached skill level 6 in Translocations
  4614 | D:5      | Reached XP level 8. HP: 27/63 MP: 16/16
  5009 | D:4      | Reached skill level 4 in Throwing
  5009 | D:4      | Reached skill level 4 in Armour
  5011 | D:4      | Reached skill level 3 in Short Blades
  5011 | D:4      | Reached skill level 3 in Axes
  5011 | D:4      | Reached skill level 3 in Maces & Flails
  5011 | D:4      | Reached skill level 3 in Polearms
  5011 | D:4      | Reached skill level 3 in Staves
  5011 | D:4      | Reached skill level 3 in Slings
  5011 | D:4      | Reached skill level 3 in Bows
  5011 | D:4      | Reached skill level 3 in Crossbows
  5011 | D:4      | Reached skill level 3 in Stealth
  5011 | D:4      | Reached skill level 3 in Shields
  5011 | D:4      | Reached skill level 3 in Unarmed Combat
  5011 | D:4      | Reached skill level 3 in Evocations
  5411 | D:4      | Identified a potion of resistance
  5490 | D:5      | Found a basalt altar of Yredelemnul.
  5784 | D:2      | Found an iron altar of Okawaru.
  5792 | D:2      | Became a worshipper of Warmaster Okawaru
  5847 | D:5      | Noticed Ijyb
  5854 | D:4      | Reached skill level 6 in Spellcasting
  5978 | D:4      | Killed Ijyb
  6303 | D:5      | Found Manuokh's Book Shoppe.
  6309 | D:5      | Noticed Prince Ribbit
  6409 | D:5      | Killed Prince Ribbit
  6409 | D:5      | Reached * piety under Okawaru
  6410 | D:5      | Reached skill level 3 in Conjurations
  6410 | D:5      | Reached skill level 3 in Hexes
  6410 | D:5      | Reached skill level 3 in Summonings
  6410 | D:5      | Reached skill level 3 in Necromancy
  6410 | D:5      | Reached skill level 3 in Transmutations
  6410 | D:5      | Reached skill level 3 in Fire Magic
  6410 | D:5      | Reached skill level 3 in Ice Magic
  6410 | D:5      | Reached skill level 3 in Air Magic
  6410 | D:5      | Reached skill level 3 in Earth Magic
  6410 | D:5      | Reached skill level 3 in Poison Magic
  6410 | D:5      | Reached skill level 4 in Invocations
  6523 | D:5      | Reached skill level 6 in Fighting
  6523 | D:5      | Reached skill level 6 in Long Blades
  6523 | D:5      | Reached skill level 6 in Dodging
  6702 | D:5      | Found a staircase to the Ecumenical Temple.
  6786 | D:5      | Found an ornate altar of the Wu Jian Council.
  6819 | D:5      | Reached XP level 9. HP: 67/69 MP: 18/18
  6883 | D:5      | Noticed Edmund
  6897 | D:5      | Killed Edmund
  7462 | D:6      | Reached skill level 4 in Short Blades
  7462 | D:6      | Reached skill level 4 in Axes
  7462 | D:6      | Reached skill level 4 in Maces & Flails
  7462 | D:6      | Reached skill level 4 in Polearms
  7462 | D:6      | Reached skill level 4 in Staves
  7462 | D:6      | Reached skill level 4 in Slings
  7462 | D:6      | Reached skill level 4 in Bows
  7462 | D:6      | Reached skill level 4 in Crossbows
  7462 | D:6      | Reached skill level 4 in Stealth
  7462 | D:6      | Reached skill level 4 in Shields
  7462 | D:6      | Reached skill level 4 in Unarmed Combat
  7462 | D:6      | Reached skill level 4 in Evocations
  7712 | D:6      | Found an ancient bone altar of Kikubaaqudgha.
  7725 | D:6      | Reached ** piety under Okawaru
  7772 | D:6      | Reached skill level 5 in Throwing
  7772 | D:6      | Reached skill level 5 in Armour
  7964 | D:6      | Learned a level 4 spell: Passage of Golubria
  8098 | D:7      | Found a basalt altar of Yredelemnul.
  8623 | D:7      | Found a white marble altar of Elyvilon.
  8879 | D:7      | Reached skill level 5 in Invocations
  9358 | D:8      | Noticed Grum
  9375 | D:8      | Slain by Grum

Vanquished Creatures
  Prince Ribbit (D:5)
  Edmund (D:5)
  A sky beast (D:7)
  2 phantoms
  An orc warrior (D:7)
  3 ogres
  2 wolves (D:8)
  4 centaurs
  3 big kobolds
  2 bullfrogs (D:6)
  A water moccasin zombie (D:6)
  4 scorpions
  4 hounds
  A quasit (D:6)
  A bullfrog zombie (D:6)
  3 orc priests
  6 orc wizards
  Terence (D:2)
  2 worker ants
  Ijyb (D:4)
  3 iguanas
  A hound skeleton (D:7)
  A howler monkey zombie (D:6)
  2 worker ant zombies (D:5)
  7 gnolls
  A howler monkey skeleton (D:6)
  11 adders
  A river rat (Sewer)
  A shadow imp (D:7)
  4 white imps
  3 ufetubi
  An ooze (D:7)
  An adder zombie (D:5)
  4 worms (D:3)
  4 dart slugs
  A leopard gecko (D:2)
  20 orcs
  5 ball pythons
  8 bats
  7 giant cockroaches
  16 goblins
  10 hobgoblins
  15 jackals
  4 quokkas
  3 frilled lizards
  19 kobolds
  A leopard gecko skeleton (D:5)
  9 rats
207 creatures vanquished.

Vanquished Creatures (others)
  13 plants (D:5)
13 creatures vanquished.

Grand Total: 220 creatures vanquished

Table legend: (Time is in decaauts)
 A = Elapsed time spent in this place.
 B = Non-inter-level travel time spent in this place.
 C = Inter-level travel time spent in this place.
 D = Time resting spent in this place.
 E = Time spent auto-exploring this place.
 F = Levels seen in this place.
 G = Mean time per level.
                   A        B        C        D        E       F      G
               +--------+--------+--------+--------+--------+-----+--------+
         Total |   9341 |   8803 |    538 |   1253 |   6097 |   9 | 1037.9 |
       Dungeon |   8943 |   8405 |    538 |   1253 |   5793 |   8 | 1117.9 |
         Sewer |    397 |    397 |      0 |      0 |    303 |   1 |  397.0 |
               +--------+--------+--------+--------+--------+-----+--------+

Top non-repeatable levels by time:
     D:5: 1771 daAuts
     D:2: 1717 daAuts
     D:4: 1643 daAuts
     D:7: 1344 daAuts
     D:3: 1001 daAuts
     D:1: 734 daAuts
     D:6: 691 daAuts
   Sewer: 397 daAuts
     D:8: 38 daAuts

Table legend:
 A = Non-vault XP
 B = Vault XP
 C = Vault XP percentage of total XP
 D = Non-vault monster count
 E = Vault monster count
 F = Vault count percentage of total count
                 A         B        C        D         E       F
            +---------+---------+-------+---------+---------+-------
      Total |    3252 |    1135 |  25.9 |     181 |      26 |  12.6
            +---------+---------+-------+---------+---------+-------
        D:1 |      47 |       0 |   0.0 |      18 |       0 |   0.0
        D:2 |      83 |      38 |  31.4 |      33 |       1 |   2.9
        D:3 |     135 |       0 |   0.0 |      32 |       0 |   0.0
        D:4 |     819 |     301 |  26.9 |      24 |       9 |  27.3
        D:5 |     556 |     439 |  44.1 |      19 |       3 |  13.6
        D:6 |     679 |       0 |   0.0 |      18 |       0 |   0.0
        D:7 |     880 |       0 |   0.0 |      35 |       0 |   0.0
        D:8 |      53 |     232 |  81.4 |       2 |       2 |  50.0
      Sewer |       0 |     125 | 100.0 |       0 |      11 | 100.0
            +---------+---------+-------+---------+---------+-------
